Punishers vs Sasquatch (R1)

Created - 30 octobre 2014 at 19:46

Goals
1 2 3 OT1 SO T
Punishers 3 1 0 0 3 5
Sasquatch 0 4 0 0 2 4
Shots
1 2 3 OT1 SO T
Punishers 9 15 2 0 4 26
Sasquatch 11 14 2 0 4 27

1st period

1. Punishers , Éric Perrin 7 (Kris Chucko) at 3:34
2. Punishers , Adam Pineault 4 (Brad Isbister, Erik Condra) at 8:08
3. Punishers , Mike Grier 11 (Éric Perrin, Kris Chucko) at 17:17 (PP)

Penalties :
Kyle Clifford (Gat) for Holding Stick (Minor) at 0:44, Jakub Voracek (Gat) for Slashing (Minor) at 16:14

2nd period

4. Sasquatch , Cam Atkinson 7 (Stephane Da Costa, Joe Corvo) at 11:20
5. Punishers , Mark Fraser 2 (Kris Chucko, Éric Perrin) at 11:35
6. Sasquatch , Oskar Osala 7 (Jake Gardiner, Keith Yandle) at 12:11
7. Sasquatch , Stephane Da Costa 6 (Jake Gardiner, T.J. Oshie) at 16:46
8. Sasquatch , Oskar Osala 8 (Jake Gardiner, Nick Leddy) at 17:21

Penalties :
Nick Leddy (Gat) for Hooking (Minor) at 2:04, Yann Sauvé (Gat) for Roughing (Double Minor) at 18:09

3rd period

No Goal

Penalties :
Matt Beleskey (Gat) for Interference (Minor) at 9:19, Nick Leddy (Gat) for Tripping (Minor) at 12:09, Tanner Glass (Pro) for Tripping (Minor) at 15:19

Overtime #1

No Goal

Penalties :
No Penalty

Shootout

Penalty Shot by Brad Isbister for Punishers - Stopped by Anders Lindback
Penalty Shot by Cam Atkinson for Sasquatch - Goal!
Penalty Shot by Kris Chucko for Punishers - Goal!
Penalty Shot by Oskar Osala for Sasquatch - Goal!
Penalty Shot by Tanner Glass for Punishers - Goal!
Penalty Shot by T.J. Oshie for Sasquatch - Shot Misses the Net
Penalty Shot by Mike Grier for Punishers - Goal!
Penalty Shot by Brandon Bochenski for Sasquatch - Stopped by Robin Lehner

Penalties :
No Penalty

Goalie Stats

Robin Lehner (Pro), 23 saves from 27 shots - (0,852), W, 6-3-2, 65:00 minutes
Anders Lindback (Gat), 13 saves from 13 shots - (1,000), OTL, 3-4-1, 33:25 minutes
Jonas Gustavsson (Gat), 9 saves from 13 shots - (0,692), 31:35 minutes

Players Stats for Punishers

Player Name              G  A  P  +/- PIM S  H  SB GA TA FO     MP     PP MP  PK MP  
------------------------------------------------------------------------------------
Adam McQuaid             0  0  0   0  0   0  0  1  0  1  0/0    12:41   0:31   0:00 
Adam Pineault            1  0  1  -1  0   2  3  0  2  0  0/0    10:52   0:07   0:16 
Brad Isbister            0  1  1  -1  0   1  2  1  0  0  1/1    12:18   0:07   0:31 
Brandon McMillan         0  0  0   0  0   0  2  0  0  0  2/5     7:19   0:00   0:00 
Casey Cizikas            0  0  0  -1  0   1  3  0  0  0  1/4    16:27   5:45   0:21 
Éric Perrin              1  2  3   2  0   4  1  0  2  0  11/28  24:41   6:47   0:00 
Erik Condra              0  1  1  -2  0   5  3  0  0  0  0/0    19:16   5:50   0:00 
Justin Falk              0  0  0   0  0   0  1  2  0  1  0/0    21:48   5:37   0:53 
Keaton Ellerby           0  0  0  -1  0   0  4  0  0  2  0/0    32:18   6:50   1:06 
Kris Chucko              0  3  3   2  0   3  4  1  2  2  0/2    24:29   7:01   0:00 
Mark Fraser              1  0  1   0  0   2  4  0  1  1  0/0    26:17   5:51   1:06 
Mike Blunden             0  0  0   0  0   0  1  1  0  0  0/0     7:53   0:26   0:00 
Mike Grier               1  0  1   2  0   2  3  0  0  0  0/0    25:33   7:01   1:06 
Mike Weber               0  0  0  -1  0   2  3  0  0  0  0/0    27:06   7:07   0:53 
Petteri Nokelainen       0  0  0  -2  0   0  0  0  0  0  5/10   13:31   0:00   1:07 
Radek Smolenak           0  0  0   0  0   1  0  0  0  0  0/0     7:56   0:00   0:37 
Tanner Glass             0  0  0  -2  2   3  4  0  4  0  0/0    17:45   5:50   0:00 
Zach Jones               0  0  0   0  0   0  0  0  0  0  0/0     9:50   0:00   0:00 

Players Stats for Sasquatch

Player Name              G  A  P  +/- PIM S  H  SB GA TA FO     MP     PP MP  PK MP  
------------------------------------------------------------------------------------
Brandon Bochenski        0  0  0  -1  0   2  3  0  1  2  0/0    13:58   0:09   4:05 
Cam Atkinson             1  0  1   2  0   3  1  0  1  0  0/0    13:16   0:03   2:19 
D.J King                 0  0  0  -2  0   1  3  0  0  2  1/1    23:49   1:05   6:43 
Derek Stepan             0  0  0  -2  0   1  0  0  2  1  12/25  18:38   0:59   0:00 
Jake Gardiner            0  3  3   2  0   0  7  2  0  2  0/0    29:28   1:08   7:42 
Jakub Voracek            0  0  0  -2  2   1  0  0  1  0  2/3    18:35   0:59   0:00 
Joe Corvo                0  1  1  -1  0   1  1  3  0  0  0/0    24:22   0:51   7:42 
Keith Yandle             0  1  1   2  0   0  1  0  0  2  0/0    24:13   0:51   5:16 
Kyle Clifford            0  0  0   2  2   0  2  0  0  0  0/0    11:42   0:00   1:50 
Luke Adam                0  0  0  -1  0   0  0  0  0  0  2/4     7:13   0:00   0:00 
Matt Beleskey            0  0  0  -1  2   2  0  0  0  0  0/1     7:13   0:00   0:00 
Matt Niskanen            0  0  0   0  0   3  0  1  0  0  0/0    23:07   0:00   5:16 
Nick Leddy               0  1  1   0  4   1  1  1  0  1  0/0    15:50   1:08   0:00 
Oskar Osala              2  0  2   2  0   4  3  0  0  1  0/0    16:28   0:51   4:05 
Stephane Da Costa        1  1  2   2  0   3  1  0  1  0  2/3    11:50   0:09   0:11 
T.J. Oshie               0  1  1   2  0   4  1  0  0  0  0/0    13:41   0:51   0:00 
Tyler Johnson            0  0  0   2  0   1  3  0  1  0  11/13  20:15   0:51   6:43 
Yann Sauvé               0  0  0  -1  4   0  0  0  0  0  0/0    13:18   0:00   0:00 

3 Stars

1 - Jake Gardiner (Gat)
2 - Oskar Osala (Gat)
3 - Éric Perrin (Pro)

Power Play

Punishers - 1 on 7 Attempt(s) - 14,29%
Sasquatch - 0 on 1 Attempt(s) - 0,00%

Penalty Kill

Punishers - 1 on 1 Attempt(s) - 100,00% - Score 0 goal in Penalty Kill
Sasquatch - 6 on 7 Attempt(s) - 85,71% - Score 0 goal in Penalty Kill

Official

Referees : Hebert Ghislain and Kowal Tom
Linesman : Pierre Racicot and Steve Barton

Game Notes

Anders Lindback enters game at 11:35 of 2nd period

Finance

Level 1 -- Attendance: 1371 (68,55%) -- Ticket Income 47 985 $
Level 2 -- Attendance: 737 (73,70%) -- Ticket Income 11 055 $
Total Attendance: 2108 (70,27%)
Total Ticket Income: 59 040 $
Other Income: 2 952 $
Total Income: 61 992 $

Punishers

5 vs 5 Forward 
   Center                   Left Wing                Right Wing               Time % Phy DF OF 
 1 Éric Perrin              Kris Chucko              Mike Grier               40     1   2  2  
 2 Petteri Nokelainen       Tanner Glass             Erik Condra              30     1   2  2  
 3 Casey Cizikas            Brad Isbister            Adam Pineault            20     1   2  2  
 4 Brandon McMillan         Radek Smolenak           Mike Blunden             10     1   2  2  

5 vs 5 Defense 
   Defense                  Defense                                           Time % Phy DF OF 
 1 Mark Fraser              Keaton Ellerby                                    40     1   2  2  
 2 Mike Weber               Justin Falk                                       30     1   2  2  
 3 Mike Weber               Adam McQuaid                                      20     1   2  2  
 4 Zach Jones               Keaton Ellerby                                    10     1   2  2  

PowerPlay Forward 
   Center                   Left Wing                Right Wing               Time % Phy DF OF 
 1 Éric Perrin              Kris Chucko              Mike Grier               60     1   2  2  
 2 Casey Cizikas            Tanner Glass             Erik Condra              40     1   2  2  

PowerPlay Defense
   Defense                  Defense                                           Time % Phy DF OF 
 1 Mike Weber               Keaton Ellerby                                    60     1   2  2  
 2 Mark Fraser              Justin Falk                                       40     1   2  2  

Penalty Kill 4 Players Forward 
   Center                   Wing                     Time % Phy DF OF 
 1 Petteri Nokelainen       Mike Grier               60     1   2  2  
 2 Tanner Glass             Adam Pineault            40     1   2  2  

Penalty Kill 4 Players Defense
   Defense                  Defense                  Time % Phy DF OF 
 1 Mark Fraser              Keaton Ellerby           60     1   2  2  
 2 Mike Weber               Justin Falk              40     1   2  2  

Penalty Kill - 3 Players Forward 
   Forward                                           Time % Phy DF OF 
 1 Petteri Nokelainen                                60     1   2  2  
 2 Mike Grier                                        40     1   2  2  

Penalty Kill - 3 Players Defense
   Defense                  Defense                  Time % Phy DF OF 
 1 Mark Fraser              Keaton Ellerby           60     1   2  2  
 2 Mike Weber               Justin Falk              40     1   2  2  

4 vs 4 Forward 
   Center                   Wing                     Time % Phy DF OF 
 1 Éric Perrin              Mike Grier               60     1   2  2  
 2 Petteri Nokelainen       Kris Chucko              40     1   2  2  

4 vs 4 Defense
   Defense                  Defense                  Time % Phy DF OF 
 1 Mike Weber               Keaton Ellerby           60     1   2  2  
 2 Mark Fraser              Justin Falk              40     1   2  2  

Last Minutes Offensive
   Center                   Left Wing                Right Wing               Defense                  Defense                  
   Éric Perrin              Kris Chucko              Mike Grier               Mike Weber               Keaton Ellerby           

Last Minutes Defensive
   Center                   Left Wing                Right Wing               Defense                  Defense                  
   Petteri Nokelainen       Brad Isbister            Mike Grier               Mark Fraser              Keaton Ellerby           

Goaltenders
Starting : Robin Lehner             
Backup : Kevin Poulin             

Extra Forwards
Normal : Erik Condra, Kris Chucko, Éric Perrin - PP : Erik Condra, Mike Blunden - PK : Radek Smolenak
Extra Defensemen
Normal : Mike Weber, Adam McQuaid, Zach Jones - PP : Mike Weber - PK : Adam McQuaid, Zach Jones
Penalty Shots
Brad Isbister, Kris Chucko, Tanner Glass, Mike Grier, Erik Condra

Sasquatch

5 vs 5 Forward 
   Center                   Left Wing                Right Wing               Time % Phy DF OF 
 1 Derek Stepan             D.J King                 Jakub Voracek            40     1   2  2  
 2 Tyler Johnson            Oskar Osala              T.J. Oshie               30     1   2  2  
 3 Stephane Da Costa        Kyle Clifford            Cam Atkinson             20     1   2  2  
 4 Luke Adam                Matt Beleskey            Brandon Bochenski        10     1   2  2  

5 vs 5 Defense 
   Defense                  Defense                                           Time % Phy DF OF 
 1 Keith Yandle             Jake Gardiner                                     40     1   2  2  
 2 Nick Leddy               Matt Niskanen                                     30     1   2  2  
 3 Joe Corvo                Yann Sauvé                                        20     1   2  2  
 4 Jake Gardiner            Matt Niskanen                                     10     1   2  2  

PowerPlay Forward 
   Center                   Left Wing                Right Wing               Time % Phy DF OF 
 1 Derek Stepan             D.J King                 Jakub Voracek            60     1   2  2  
 2 Tyler Johnson            Oskar Osala              T.J. Oshie               40     1   2  2  

PowerPlay Defense
   Defense                  Defense                                           Time % Phy DF OF 
 1 Jake Gardiner            Nick Leddy                                        60     1   2  2  
 2 Keith Yandle             Joe Corvo                                         40     1   2  2  

Penalty Kill 4 Players Forward 
   Center                   Wing                     Time % Phy DF OF 
 1 Tyler Johnson            D.J King                 60     1   2  2  
 2 Brandon Bochenski        Oskar Osala              40     1   2  2  

Penalty Kill 4 Players Defense
   Defense                  Defense                  Time % Phy DF OF 
 1 Jake Gardiner            Joe Corvo                60     1   2  2  
 2 Keith Yandle             Matt Niskanen            40     1   2  2  

Penalty Kill - 3 Players Forward 
   Forward                                           Time % Phy DF OF 
 1 Tyler Johnson                                     60     1   2  2  
 2 Brandon Bochenski                                 40     1   2  2  

Penalty Kill - 3 Players Defense
   Defense                  Defense                  Time % Phy DF OF 
 1 Jake Gardiner            Yann Sauvé               60     1   2  2  
 2 Keith Yandle             Joe Corvo                40     1   2  2  

4 vs 4 Forward 
   Center                   Wing                     Time % Phy DF OF 
 1 Derek Stepan             Jakub Voracek            60     1   2  2  
 2 Tyler Johnson            T.J. Oshie               40     1   2  2  

4 vs 4 Defense
   Defense                  Defense                  Time % Phy DF OF 
 1 Jake Gardiner            Joe Corvo                60     1   2  2  
 2 Keith Yandle             Matt Niskanen            40     1   2  2  

Last Minutes Offensive
   Center                   Left Wing                Right Wing               Defense                  Defense                  
   Derek Stepan             D.J King                 Jakub Voracek            Jake Gardiner            Joe Corvo                

Last Minutes Defensive
   Center                   Left Wing                Right Wing               Defense                  Defense                  
   Tyler Johnson            D.J King                 Brandon Bochenski        Jake Gardiner            Joe Corvo                

Goaltenders
Starting : Jonas Gustavsson         
Backup : Anders Lindback          

Extra Forwards
Normal : Brandon Bochenski, Stephane Da Costa, Cam Atkinson - PP : Brandon Bochenski, Stephane Da Costa - PK : Cam Atkinson
Extra Defensemen
Normal : Yann Sauvé, Jake Gardiner, Keith Yandle - PP : Yann Sauvé - PK : Matt Niskanen, Joe Corvo
Penalty Shots
Cam Atkinson, Oskar Osala, T.J. Oshie, Brandon Bochenski, Jakub Voracek

% Time on Ice - Punishers

Lines # - Real PCT - Wanted PCT - Time Play
Normal Forward
1 - 35% - 40% - 15:59
2 - 27% - 30% - 12:02
3 - 22% - 20% - 9:43
4 - 16% - 10% - 7:19
Normal Defense
1 - 37% - 40% - 16:29
2 - 29% - 30% - 13:15
3 - 18% - 20% - 7:58
4 - 16% - 10% - 7:21
PP Forward
1 - 55% - 60% - 7:08
2 - 45% - 40% - 5:50
PP Defense
1 - 55% - 60% - 7:07
2 - 45% - 40% - 5:51
PK Forward
1 - 87% - 60% - 1:43
2 - 13% - 40% - 0:16
PK Defense
1 - 55% - 60% - 1:06
2 - 45% - 40% - 0:53
PK3 Forward
1 - 0% - 60%
2 - 0% - 40%
PK3 Defense
1 - 0% - 60%
2 - 0% - 40%
44 Forward
1 - 81% - 60% - 4:03
2 - 19% - 40% - 0:57
44 Defense
1 - 59% - 60% - 2:57
2 - 41% - 40% - 2:03
Last Minute Offensive  - 0:00
Last Minute Defensive  - 0:00
Total
Forward - 65:00
Defense - 65:00

% Time on Ice - Sasquatch

Lines # - Real PCT - Wanted PCT - Time Play
Normal Forward
1 - 36% - 40% - 16:25
2 - 28% - 30% - 12:28
3 - 20% - 20% - 8:57
4 - 16% - 10% - 7:13
Normal Defense
1 - 37% - 40% - 16:27
2 - 32% - 30% - 14:22
3 - 28% - 20% - 12:37
4 - 4% - 10% - 1:37
PP Forward
1 - 57% - 60% - 1:08
2 - 43% - 40% - 0:51
PP Defense
1 - 57% - 60% - 1:08
2 - 43% - 40% - 0:51
PK Forward
1 - 69% - 60% - 8:53
2 - 31% - 40% - 4:05
PK Defense
1 - 59% - 60% - 7:42
2 - 41% - 40% - 5:16
PK3 Forward
1 - 0% - 60%
2 - 0% - 40%
PK3 Defense
1 - 0% - 60%
2 - 0% - 40%
44 Forward
1 - 78% - 60% - 3:53
2 - 22% - 40% - 1:07
44 Defense
1 - 63% - 60% - 3:08
2 - 37% - 40% - 1:52
Last Minute Offensive  - 0:00
Last Minute Defensive  - 0:00
Total
Forward - 65:00
Defense - 65:00

Play by Play

1st period


0:01 of 1st period - Éric Perrin wins face-off versus Derek Stepan in neutral zone.
0:06 of 1st period - Snap shot by Kris Chucko.
0:06 of 1st period - Shot Misses the Net.
0:12 of 1st period - Slapshot by Derek Stepan.
0:12 of 1st period - Shot Misses the Net.
0:44 of 1st period - Minor Penalty to Kyle Clifford for Holding Stick.
0:45 of 1st period - D.J King wins face-off versus Éric Perrin in Sasquatch zone.
0:45 of 1st period - D.J King is hit by Mike Grier.
1:19 of 1st period - Wrist shot by Erik Condra.
1:19 of 1st period - Stopped by Jonas Gustavsson without a rebound.
1:20 of 1st period - Tyler Johnson wins face-off versus Éric Perrin in Sasquatch zone.
1:53 of 1st period - Snap shot by Tanner Glass.
1:53 of 1st period - Stopped by Jonas Gustavsson with a rebound.
2:44 of 1st period - Penalty to Kyle Clifford is over, Kyle Clifford is back on ice.
2:59 of 1st period - Slapshot by Joe Corvo.
2:59 of 1st period - Deflect By Stephane Da Costa.
2:59 of 1st period - Stopped by Robin Lehner without a rebound.
3:00 of 1st period - Luke Adam wins face-off versus Brandon McMillan in Punishers zone.
3:01 of 1st period - Wrist shot by Brandon Bochenski.
3:01 of 1st period - Stopped by Robin Lehner without a rebound.
3:02 of 1st period - Brandon McMillan wins face-off versus Luke Adam in Punishers zone.
3:34 of 1st period - Snap shot by Éric Perrin.
3:34 of 1st period - Goal by Éric Perrin - Punishers : 1 - Sasquatch : 0.
3:35 of 1st period - Éric Perrin wins face-off versus Derek Stepan in neutral zone.
4:00 of 1st period - Tanner Glass is hit by Oskar Osala and loses puck.
4:30 of 1st period - Slapshot by Adam Pineault.
4:30 of 1st period - Stopped by Jonas Gustavsson with a rebound.
4:48 of 1st period - Wrist shot by Matt Beleskey.
4:48 of 1st period - Stopped by Robin Lehner with a rebound.
4:50 of 1st period - Slapshot by Joe Corvo.
4:50 of 1st period - Shot Blocked by Adam McQuaid.
6:26 of 1st period - Wrist shot by Tyler Johnson.
6:26 of 1st period - Stopped by Robin Lehner with a rebound.
6:48 of 1st period - Nick Leddy is hit by Erik Condra and loses puck.
7:07 of 1st period - Slapshot by D.J King.
7:07 of 1st period - Stopped by Robin Lehner with a rebound.
7:44 of 1st period - Slapshot by Joe Corvo.
7:44 of 1st period - Shot Blocked by Justin Falk.
7:46 of 1st period - Snap shot by Tyler Johnson.
7:46 of 1st period - Shot Misses the Net.
7:54 of 1st period - Wrist shot by Oskar Osala.
7:54 of 1st period - Stopped by Robin Lehner with a rebound.
8:08 of 1st period - Backhand shot by Adam Pineault.
8:08 of 1st period - Goal by Adam Pineault - Punishers : 2 - Sasquatch : 0.
8:09 of 1st period - Derek Stepan wins face-off versus Éric Perrin in neutral zone.
8:12 of 1st period - Snap shot by Jakub Voracek.
8:12 of 1st period - Shot Misses the Net.
9:00 of 1st period - Kyle Clifford is hit by Keaton Ellerby and loses puck.
9:37 of 1st period - Luke Adam is hit by Mike Blunden and loses puck.
9:48 of 1st period - Slapshot by Mike Blunden.
9:48 of 1st period - Shot Blocked by Jake Gardiner.
10:43 of 1st period - Snap shot by Mike Grier.
10:43 of 1st period - Stopped by Jonas Gustavsson without a rebound.
10:44 of 1st period - Stephane Da Costa wins face-off versus Kris Chucko in Sasquatch zone.
11:56 of 1st period - Slapshot by Joe Corvo.
11:56 of 1st period - Shot Blocked by Kris Chucko.
12:30 of 1st period - Wrist shot by Stephane Da Costa.
12:30 of 1st period - Stopped by Robin Lehner with a rebound.
12:32 of 1st period - Snap shot by Cam Atkinson.
12:32 of 1st period - Stopped by Robin Lehner with a rebound.
12:34 of 1st period - Slapshot by Yann Sauvé.
12:34 of 1st period - Deflect By Kyle Clifford.
12:34 of 1st period - Shot Misses the Net.
12:34 of 1st period - Puck is out of play.
12:35 of 1st period - Petteri Nokelainen wins face-off versus Derek Stepan in Punishers zone.
13:00 of 1st period - Mike Weber is hit by Jake Gardiner.
13:09 of 1st period - Icing by Justin Falk.
13:10 of 1st period - Brad Isbister wins face-off versus Derek Stepan in Punishers zone.
13:39 of 1st period - Snap shot by Oskar Osala.
13:39 of 1st period - Shot Misses the Net.
14:07 of 1st period - Wrist shot by Mark Fraser.
14:07 of 1st period - Shot Blocked by Nick Leddy.
14:48 of 1st period - Brandon Bochenski is hit by Tanner Glass and loses puck.
15:42 of 1st period - Mike Grier is hit by Kyle Clifford and loses puck.
16:14 of 1st period - Minor Penalty to Jakub Voracek for Slashing.
16:15 of 1st period - Casey Cizikas wins face-off versus Tyler Johnson in Sasquatch zone.
16:25 of 1st period - Jake Gardiner is hit by Tanner Glass.
16:41 of 1st period - Tyler Johnson is hit by Keaton Ellerby and loses puck.
16:46 of 1st period - Snap shot by Éric Perrin.
16:46 of 1st period - Stopped by Jonas Gustavsson without a rebound.
16:47 of 1st period - Tyler Johnson wins face-off versus Éric Perrin in Sasquatch zone.
16:47 of 1st period - Tyler Johnson is hit by Mike Grier.
17:17 of 1st period - Wrist shot by Mike Grier.
17:17 of 1st period - Goal by Mike Grier - Punishers : 3 - Sasquatch : 0.
17:18 of 1st period - Petteri Nokelainen wins face-off versus Derek Stepan in neutral zone.
17:23 of 1st period - Snap shot by Erik Condra.
17:23 of 1st period - Stopped by Jonas Gustavsson with a rebound.
17:45 of 1st period - Éric Perrin is hit by Jake Gardiner and loses puck.
18:06 of 1st period - Wrist shot by Matt Niskanen.
18:06 of 1st period - Stopped by Robin Lehner with a rebound.
18:38 of 1st period - Jakub Voracek is hit by Mark Fraser and loses puck.
18:55 of 1st period - Wrist shot by T.J. Oshie.
18:55 of 1st period - Shot Misses the Net.
18:57 of 1st period - Snap shot by T.J. Oshie.
18:57 of 1st period - Stopped by Robin Lehner without a rebound.
18:58 of 1st period - Tyler Johnson wins face-off versus Éric Perrin in Punishers zone.
19:23 of 1st period - Derek Stepan is hit by Adam Pineault and loses puck.
19:34 of 1st period - Wrist shot by Derek Stepan.
19:34 of 1st period - Shot Misses the Net.
19:36 of 1st period - Slapshot by D.J King.
19:36 of 1st period - Shot Misses the Net.
19:48 of 1st period - Snap shot by Joe Corvo.
19:48 of 1st period - Stopped by Robin Lehner without a rebound.
19:49 of 1st period - Petteri Nokelainen wins face-off versus Luke Adam in Punishers zone.
Goals for this period are 3 for Punishers vs 0 for Sasquatch.
Shots for this period are 9 for Punishers vs 11 for Sasquatch.

2nd period


0:01 of 2nd period - Éric Perrin wins face-off versus Jakub Voracek in neutral zone.
0:04 of 2nd period - Slapshot by Keaton Ellerby.
0:04 of 2nd period - Shot Blocked by Jake Gardiner.
0:06 of 2nd period - Slapshot by Mark Fraser.
0:06 of 2nd period - Deflect By Kris Chucko.
0:06 of 2nd period - Shot Misses the Net.
0:06 of 2nd period - Puck is out of play.
0:07 of 2nd period - Derek Stepan wins face-off versus Éric Perrin in Sasquatch zone.
0:12 of 2nd period - Keith Yandle is hit by Keaton Ellerby and loses puck.
1:25 of 2nd period - Snap shot by Brandon Bochenski.
1:25 of 2nd period - Stopped by Robin Lehner with a rebound.
1:37 of 2nd period - Slapshot by Mike Weber.
1:37 of 2nd period - Stopped by Jonas Gustavsson without a rebound.
1:38 of 2nd period - Éric Perrin wins face-off versus Derek Stepan in Sasquatch zone.
2:04 of 2nd period - Minor Penalty to Nick Leddy for Hooking.
2:05 of 2nd period - Tyler Johnson wins face-off versus Kris Chucko in Sasquatch zone.
2:33 of 2nd period - Erik Condra is hit by D.J King and loses puck.
3:42 of 2nd period - Joe Corvo is hit by Keaton Ellerby and loses puck.
3:59 of 2nd period - Éric Perrin is hit by Jake Gardiner.
4:04 of 2nd period - Penalty to Nick Leddy is over, Nick Leddy is back on ice.
4:13 of 2nd period - Mike Blunden is hit by Brandon Bochenski and loses puck.
5:10 of 2nd period - Wrist shot by Jakub Voracek.
5:10 of 2nd period - Stopped by Robin Lehner with a rebound.
5:24 of 2nd period - Slapshot by Mike Weber.
5:24 of 2nd period - Deflect By Brandon Bochenski.
5:24 of 2nd period - Stopped by Jonas Gustavsson with a rebound.
5:49 of 2nd period - Off-side.
5:50 of 2nd period - Éric Perrin wins face-off versus Stephane Da Costa in neutral zone.
6:42 of 2nd period - Brandon Bochenski is hit by Casey Cizikas and loses puck.
7:05 of 2nd period - Snap shot by T.J. Oshie.
7:05 of 2nd period - Stopped by Robin Lehner with a rebound.
7:18 of 2nd period - Off-side.
7:19 of 2nd period - Petteri Nokelainen wins face-off versus Derek Stepan in neutral zone.
8:07 of 2nd period - Tyler Johnson is hit by Adam Pineault and loses puck.
8:25 of 2nd period - Icing by Mike Blunden.
8:26 of 2nd period - Stephane Da Costa wins face-off versus Brandon McMillan in Punishers zone.
8:53 of 2nd period - Petteri Nokelainen is hit by Oskar Osala.
8:57 of 2nd period - Tyler Johnson is hit by Mark Fraser and loses puck.
9:27 of 2nd period - Off-side.
9:28 of 2nd period - Jakub Voracek wins face-off versus Casey Cizikas in neutral zone.
10:22 of 2nd period - Wrist shot by Cam Atkinson.
10:22 of 2nd period - Deflect By Kyle Clifford.
10:22 of 2nd period - Shot Misses the Net.
10:22 of 2nd period - Puck is out of play.
10:23 of 2nd period - Derek Stepan wins face-off versus Petteri Nokelainen in Punishers zone.
10:34 of 2nd period - Wrist shot by Erik Condra.
10:34 of 2nd period - Shot Misses the Net.
11:18 of 2nd period - Slapshot by Cam Atkinson.
11:18 of 2nd period - Stopped by Robin Lehner with a rebound.
11:20 of 2nd period - Wrist shot by Cam Atkinson.
11:20 of 2nd period - Goal by Cam Atkinson - Punishers : 3 - Sasquatch : 1.
11:21 of 2nd period - Derek Stepan wins face-off versus Éric Perrin in neutral zone.
11:24 of 2nd period - Mike Grier is hit by Jake Gardiner and loses puck.
11:33 of 2nd period - Wrist shot by Kris Chucko.
11:33 of 2nd period - Stopped by Jonas Gustavsson with a rebound.
11:35 of 2nd period - Slapshot by Mark Fraser.
11:35 of 2nd period - Goal by Mark Fraser - Punishers : 4 - Sasquatch : 1.
11:35 of 2nd period - Anders Lindback enters game.
11:36 of 2nd period - Jakub Voracek wins face-off versus Éric Perrin in neutral zone.
12:02 of 2nd period - Keaton Ellerby is hit by Jake Gardiner and loses puck.
12:11 of 2nd period - Snap shot by Oskar Osala.
12:11 of 2nd period - Goal by Oskar Osala - Punishers : 4 - Sasquatch : 2.
12:12 of 2nd period - Éric Perrin wins face-off versus Derek Stepan in neutral zone.
12:17 of 2nd period - Snap shot by Éric Perrin.
12:17 of 2nd period - Stopped by Anders Lindback with a rebound.
12:19 of 2nd period - Snap shot by Kris Chucko.
12:19 of 2nd period - Shot Misses the Net.
12:21 of 2nd period - Wrist shot by Éric Perrin.
12:21 of 2nd period - Deflect By Kris Chucko.
12:21 of 2nd period - Shot Misses the Net.
12:21 of 2nd period - Puck is out of play.
12:22 of 2nd period - Derek Stepan wins face-off versus Éric Perrin in Sasquatch zone.
12:22 of 2nd period - Derek Stepan is hit by Éric Perrin.
12:38 of 2nd period - Wrist shot by Kris Chucko.
12:38 of 2nd period - Stopped by Anders Lindback without a rebound.
12:39 of 2nd period - Tyler Johnson wins face-off versus Petteri Nokelainen in Sasquatch zone.
12:54 of 2nd period - Wrist shot by Erik Condra.
12:54 of 2nd period - Stopped by Anders Lindback without a rebound.
12:55 of 2nd period - Éric Perrin wins face-off versus Derek Stepan in Sasquatch zone.
13:00 of 2nd period - Snap shot by Kris Chucko.
13:00 of 2nd period - Stopped by Anders Lindback without a rebound.
13:01 of 2nd period - Éric Perrin wins face-off versus Derek Stepan in Sasquatch zone.
13:29 of 2nd period - Off-side.
13:30 of 2nd period - Tyler Johnson wins face-off versus Casey Cizikas in neutral zone.
13:35 of 2nd period - Slapshot by Matt Niskanen.
13:35 of 2nd period - Stopped by Robin Lehner with a rebound.
13:37 of 2nd period - Wrist shot by Oskar Osala.
13:37 of 2nd period - Shot Misses the Net.
13:39 of 2nd period - Snap shot by T.J. Oshie.
13:39 of 2nd period - Stopped by Robin Lehner with a rebound.
13:41 of 2nd period - Snap shot by T.J. Oshie.
13:41 of 2nd period - Stopped by Robin Lehner with a rebound.
13:43 of 2nd period - Snap shot by T.J. Oshie.
13:43 of 2nd period - Shot Blocked by Brad Isbister.
13:45 of 2nd period - Wrist shot by Oskar Osala.
13:45 of 2nd period - Stopped by Robin Lehner with a rebound.
13:55 of 2nd period - Stephane Da Costa is hit by Mike Grier.
14:43 of 2nd period - Luke Adam is hit by Brandon McMillan and loses puck.
14:48 of 2nd period - Snap shot by Radek Smolenak.
14:48 of 2nd period - Stopped by Anders Lindback without a rebound.
14:49 of 2nd period - Derek Stepan wins face-off versus Éric Perrin in Sasquatch zone.
14:52 of 2nd period - Backhand shot by Éric Perrin.
14:52 of 2nd period - Shot Misses the Net.
15:14 of 2nd period - Zach Jones is hit by Keith Yandle and loses puck.
15:21 of 2nd period - Snap shot by Tanner Glass.
15:21 of 2nd period - Stopped by Anders Lindback without a rebound.
15:22 of 2nd period - Derek Stepan wins face-off versus Petteri Nokelainen in Sasquatch zone.
15:33 of 2nd period - Snap shot by Matt Niskanen.
15:33 of 2nd period - Shot Misses the Net.
15:35 of 2nd period - Slapshot by Nick Leddy.
15:35 of 2nd period - Stopped by Robin Lehner with a rebound.
15:55 of 2nd period - Wrist shot by Éric Perrin.
15:55 of 2nd period - Stopped by Anders Lindback without a rebound.
15:56 of 2nd period - Derek Stepan wins face-off versus Éric Perrin in Sasquatch zone.
16:30 of 2nd period - Wrist shot by Erik Condra.
16:30 of 2nd period - Stopped by Anders Lindback with a rebound.
16:32 of 2nd period - Slapshot by Mark Fraser.
16:32 of 2nd period - Shot Misses the Net.
16:34 of 2nd period - Slapshot by Mark Fraser.
16:34 of 2nd period - Stopped by Anders Lindback with a rebound.
16:46 of 2nd period - Slapshot by Stephane Da Costa.
16:46 of 2nd period - Goal by Stephane Da Costa - Punishers : 4 - Sasquatch : 3.
16:47 of 2nd period - Éric Perrin wins face-off versus Derek Stepan in neutral zone.
17:21 of 2nd period - Slapshot by Oskar Osala.
17:21 of 2nd period - Goal by Oskar Osala - Punishers : 4 - Sasquatch : 4.
17:22 of 2nd period - Derek Stepan wins face-off versus Éric Perrin in neutral zone.
17:37 of 2nd period - Snap shot by Derek Stepan.
17:37 of 2nd period - Stopped by Robin Lehner without a rebound.
17:38 of 2nd period - Tyler Johnson wins face-off versus Petteri Nokelainen in Punishers zone.
18:09 of 2nd period - Double Minor Penalty to Yann Sauvé for Roughing.
18:10 of 2nd period - Tyler Johnson wins face-off versus Éric Perrin in Sasquatch zone.
18:10 of 2nd period - Tyler Johnson is hit by Kris Chucko.
18:26 of 2nd period - Jake Gardiner is hit by Kris Chucko and loses puck.
18:45 of 2nd period - Snap shot by Tanner Glass.
18:45 of 2nd period - Stopped by Anders Lindback with a rebound.
18:47 of 2nd period - Wrist shot by Casey Cizikas.
18:47 of 2nd period - Stopped by Anders Lindback with a rebound.
18:57 of 2nd period - Jake Gardiner is hit by Mark Fraser.
19:07 of 2nd period - Mark Fraser is hit by Brandon Bochenski and loses puck.
Goals for this period are 1 for Punishers vs 4 for Sasquatch.
Shots for this period are 15 for Punishers vs 14 for Sasquatch.

3rd period


0:01 of 3rd period - Tyler Johnson wins face-off versus Éric Perrin in neutral zone.
2:09 of 3rd period - Penalty to Yann Sauvé is over, Yann Sauvé is back on ice.
2:11 of 3rd period - Yann Sauvé is hit by Brad Isbister and loses puck.
2:16 of 3rd period - Slapshot by Brad Isbister.
2:16 of 3rd period - Stopped by Anders Lindback without a rebound.
2:17 of 3rd period - Luke Adam wins face-off versus Brandon McMillan in Sasquatch zone.
2:26 of 3rd period - Snap shot by Matt Niskanen.
2:26 of 3rd period - Stopped by Robin Lehner with a rebound.
2:28 of 3rd period - Slapshot by Matt Beleskey.
2:28 of 3rd period - Shot Blocked by Mike Blunden.
2:30 of 3rd period - Slapshot by Matt Niskanen.
2:30 of 3rd period - Shot Misses the Net.
2:32 of 3rd period - Slapshot by Matt Niskanen.
2:32 of 3rd period - Deflect By Matt Beleskey.
2:32 of 3rd period - Stopped by Robin Lehner with a rebound.
3:10 of 3rd period - Stephane Da Costa is hit by Tanner Glass and loses puck.
3:23 of 3rd period - Keith Yandle is hit by Mark Fraser and loses puck.
3:54 of 3rd period - Wrist shot by Erik Condra.
3:54 of 3rd period - Stopped by Anders Lindback with a rebound.
4:03 of 3rd period - Jake Gardiner is hit by Mike Weber and loses puck.
4:10 of 3rd period - Brandon Bochenski is hit by Casey Cizikas and loses puck.
4:28 of 3rd period - Matt Beleskey is hit by Kris Chucko and loses puck.
4:43 of 3rd period - Snap shot by D.J King.
4:43 of 3rd period - Shot Misses the Net.
4:49 of 3rd period - D.J King is hit by Mike Weber and loses puck.
5:02 of 3rd period - Keaton Ellerby is hit by Tyler Johnson and loses puck.
5:11 of 3rd period - Yann Sauvé is hit by Tanner Glass.
5:52 of 3rd period - Matt Niskanen is hit by Adam Pineault.
5:57 of 3rd period - Icing by Nick Leddy.
5:58 of 3rd period - Derek Stepan wins face-off versus Petteri Nokelainen in Sasquatch zone.
6:11 of 3rd period - Slapshot by Tanner Glass.
6:11 of 3rd period - Shot Blocked by Matt Niskanen.
6:47 of 3rd period - Slapshot by Justin Falk.
6:47 of 3rd period - Shot Blocked by Joe Corvo.
6:53 of 3rd period - Slapshot by Joe Corvo.
6:53 of 3rd period - Shot Blocked by Justin Falk.
6:55 of 3rd period - Slapshot by Yann Sauvé.
6:55 of 3rd period - Shot Misses the Net.
7:56 of 3rd period - Off-side.
7:57 of 3rd period - Tyler Johnson wins face-off versus Éric Perrin in neutral zone.
8:27 of 3rd period - Slapshot by Petteri Nokelainen.
8:27 of 3rd period - Shot Blocked by Joe Corvo.
8:29 of 3rd period - Snap shot by Petteri Nokelainen.
8:29 of 3rd period - Shot Misses the Net.
8:31 of 3rd period - Slapshot by Erik Condra.
8:31 of 3rd period - Shot Misses the Net.
9:19 of 3rd period - Minor Penalty to Matt Beleskey for Interference.
9:20 of 3rd period - Tyler Johnson wins face-off versus Éric Perrin in Sasquatch zone.
9:52 of 3rd period - Snap shot by Tanner Glass.
9:52 of 3rd period - Shot Blocked by Joe Corvo.
10:18 of 3rd period - Keaton Ellerby is hit by Jake Gardiner and loses puck.
11:01 of 3rd period - Kris Chucko is hit by Jake Gardiner.
11:19 of 3rd period - Penalty to Matt Beleskey is over, Matt Beleskey is back on ice.
11:34 of 3rd period - Brandon Bochenski is hit by Brandon McMillan.
11:40 of 3rd period - Brandon McMillan is hit by Nick Leddy and loses puck.
12:09 of 3rd period - Minor Penalty to Nick Leddy for Tripping.
12:10 of 3rd period - Éric Perrin wins face-off versus Tyler Johnson in Sasquatch zone.
12:59 of 3rd period - Mike Weber is hit by Oskar Osala.
13:20 of 3rd period - Mike Weber is hit by Kyle Clifford and loses puck.
14:09 of 3rd period - Penalty to Nick Leddy is over, Nick Leddy is back on ice.
14:13 of 3rd period - Wrist shot by Joe Corvo.
14:13 of 3rd period - Shot Hit the Post.
14:15 of 3rd period - Wrist shot by Jake Gardiner.
14:15 of 3rd period - Shot Misses the Net.
14:17 of 3rd period - Wrist shot by Jake Gardiner.
14:17 of 3rd period - Deflect By Cam Atkinson.
14:17 of 3rd period - Shot Misses the Net.
14:17 of 3rd period - Puck is out of play.
14:18 of 3rd period - Brandon McMillan wins face-off versus Matt Beleskey in Punishers zone.
14:25 of 3rd period - Nick Leddy is hit by Mike Weber and loses puck.
15:06 of 3rd period - Derek Stepan is hit by Erik Condra and loses puck.
15:19 of 3rd period - Minor Penalty to Tanner Glass for Tripping.
15:20 of 3rd period - Petteri Nokelainen wins face-off versus Derek Stepan in Punishers zone.
15:20 of 3rd period - Petteri Nokelainen is hit by D.J King.
15:36 of 3rd period - Justin Falk is hit by D.J King and loses puck.
16:59 of 3rd period - Joe Corvo is hit by Brad Isbister and loses puck.
17:19 of 3rd period - Penalty to Tanner Glass is over, Tanner Glass is back on ice.
18:29 of 3rd period - Keith Yandle is hit by Casey Cizikas.
19:13 of 3rd period - Mike Grier is hit by Cam Atkinson and loses puck.
19:21 of 3rd period - Icing by Mike Weber.
19:22 of 3rd period - Éric Perrin wins face-off versus Derek Stepan in Punishers zone.
Goals for this period are 0 for Punishers vs 0 for Sasquatch.
Shots for this period are 2 for Punishers vs 2 for Sasquatch.

Overtime #1


0:01 of 1st overtime period - Derek Stepan wins face-off versus Éric Perrin in neutral zone.
0:09 of 1st overtime period - Keaton Ellerby is hit by Joe Corvo and loses puck.
0:55 of 1st overtime period - Joe Corvo is hit by Kris Chucko and loses puck.
1:08 of 1st overtime period - Matt Niskanen is hit by Justin Falk and loses puck.
2:35 of 1st overtime period - Éric Perrin is hit by Tyler Johnson and loses puck.
3:18 of 1st overtime period - Mike Weber is hit by Brandon Bochenski.
3:28 of 1st overtime period - Casey Cizikas is hit by Stephane Da Costa.
3:37 of 1st overtime period - Icing by Matt Niskanen.
3:38 of 1st overtime period - Derek Stepan wins face-off versus Casey Cizikas in Sasquatch zone.
4:02 of 1st overtime period - Éric Perrin is hit by T.J. Oshie.
4:06 of 1st overtime period - Zach Jones is hit by Tyler Johnson and loses puck.
4:44 of 1st overtime period - Joe Corvo is hit by Erik Condra and loses puck.
Goals for this period are 0 for Punishers vs 0 for Sasquatch.
Shots for this period are 0 for Punishers vs 0 for Sasquatch.

ShootOut


5:00 of 1st overtime period - Penalty Shot by Brad Isbister for Punishers.
5:00 of 1st overtime period - Wrist shot by Brad Isbister.
5:00 of 1st overtime period - Stopped by Anders Lindback.
5:00 of 1st overtime period - Penalty Shot by Cam Atkinson for Sasquatch.
5:00 of 1st overtime period - Deke by Cam Atkinson.
5:00 of 1st overtime period - Goal by Cam Atkinson.
5:00 of 1st overtime period - Penalty Shot by Kris Chucko for Punishers.
5:00 of 1st overtime period - Deke by Kris Chucko.
5:00 of 1st overtime period - Goal by Kris Chucko.
5:00 of 1st overtime period - Penalty Shot by Oskar Osala for Sasquatch.
5:00 of 1st overtime period - Deke by Oskar Osala.
5:00 of 1st overtime period - Goal by Oskar Osala.
5:00 of 1st overtime period - Penalty Shot by Tanner Glass for Punishers.
5:00 of 1st overtime period - Wrist shot by Tanner Glass.
5:00 of 1st overtime period - Goal by Tanner Glass.
5:00 of 1st overtime period - Penalty Shot by T.J. Oshie for Sasquatch.
5:00 of 1st overtime period - Backhand shot by T.J. Oshie.
5:00 of 1st overtime period - Shot Misses the Net.
5:00 of 1st overtime period - Penalty Shot by Mike Grier for Punishers.
5:00 of 1st overtime period - Snap shot by Mike Grier.
5:00 of 1st overtime period - Goal by Mike Grier.
5:00 of 1st overtime period - Penalty Shot by Brandon Bochenski for Sasquatch.
5:00 of 1st overtime period - Deke by Brandon Bochenski.
5:00 of 1st overtime period - Stopped by Robin Lehner.


Output by the SimonT Hockey Simulator (STHS) for François Prévost -- Original Page W3C XHTML 1.0 Valid
Hockey Simulator - Hockey Simulation - Hockey Manager